 Dungeon Crawl Stone Soup version 0.29-a0-582-ge82337ba6a (webtiles) character file.

Game seed: 9434022253167659517

128 zeratav the Cutter (level 5, -2/30 HPs)
             Began as a Kobold Gladiator on June 14, 2022.
             Succumbed to a goblin's poison
             ... on level 3 of the Dungeon.
             The game lasted 00:03:44 (2132 turns).

zeratav the Cutter (Kobold Gladiator)               Turns: 2132, Time: 00:03:44

Health: -2/30      AC:  9    Str: 12    XL:     5   Next: 33%
Magic:  5/5        EV: 14    Int:  9    God:
Gold:   200        SH:  0    Dex: 18    Spells: 4/4 levels left

rFire   . . .      SeeInvis .   a - +0 rapier {short}
rCold   . . .      Faith    .   (no shield)
rNeg    . . .      Spirit   .   u - +1 ring mail "Asyomio" {rElec}
rPois   .          Reflect  .   c - +0 helmet
rElec   +          Harm     .   m - +0 cloak
rCorr   .          Rampage  .   (no gloves)
Will    .....                   p - +0 pair of boots
Stlth   +++.......              (no amulet)
HPRegen 0.10/turn               (no ring)
MPRegen 0.09/turn               (no ring)

@: lethally poisoned (-2 -> -26)
A: small, no large weapons, nightstalker 3
a: no special abilities


You were on level 3 of the Dungeon.
You visited 1 branch of the dungeon, and saw 3 of its levels.

You collected 200 gold pieces.


Innate Abilities, Weirdness & Mutations

You are small and have problems with some larger weapons.
You are completely attuned to the shadows.


   Skills:
 - Level 2.1 Fighting
 + Level 6.0 Short Blades
 - Level 2.1 Throwing
 - Level 3.6 Dodging
 + Level 4.6 Stealth


You had 4 spell levels left.
You didn't know any spells.
Your spell library contained the following spells:

 Spells                   Type           Power      Damage    Failure   Level
 Conjure Flame            Conj/Fire      0%         6-21      95%         3
 Ignite Poison            Fire/Tmut/Pois 0%         N/A       95%         3
 Mephitic Cloud           Conj/Pois/Air  0%         N/A       95%         3
 Sticky Flame             Conj/Fire      0%         2d3       100%        4
 Freezing Cloud           Conj/Ice/Air   0%         6-21      100%        5

Inventory:

Hand Weapons
 a - a +0 rapier (weapon) {short}
Missiles
 d - 3 throwing nets (quivered) {=fthrowing}
 e - 2 boomerangs {throwing}
Armour
 b - a +0 ring mail
   (You took it off Ijyb on level 3 of the Dungeon)
 c - a +0 helmet (worn)
 m - a +0 cloak (worn)
   (You found it on level 2 of the Dungeon)
 p - a +0 pair of boots (worn)
   (You found it on level 3 of the Dungeon)
 u - the +1 ring mail "Asyomio" (worn) {rElec}
   (You found it on level 2 of the Dungeon)

   rElec:     It insulates you from electricity.
Jewellery
 f - an amulet of the acrobat
   (You found it on level 1 of the Dungeon)
Wands
 n - a wand of flame (19)
   (You found it on level 2 of the Dungeon)
Scrolls
 t - 2 scrolls of brand weapon
Potions
 g - a potion of cancellation {unknown}
 h - a potion of magic {unknown}
 j - a potion of attraction {unknown}
 k - 2 potions of curing {unknown}
 q - a potion of flight {unknown}

Dungeon Overview and Level Annotations

Branches:
Dungeon (3/15)

Altars:
Dithmenos

Annotations:
D:3 Robin

#....# #.#..# ..#
########....#. ...#
..)........... ...##..# .#
###..#######..###...#..##.#
#..#.....#..##.......g...
#..#.....#...§§§#......[.
#..#.._..#...#§§ggg......
#..#.....#...§@§#ggg.....
#..#.....#..###§gg§...$..
#..###'###..# ###g#......
##..........# #.§^.....
########...# ######## #####


You could see Robin, a hobgoblin and a goblin.


Message History

You are too injured to fight recklessly!
You are too injured to fight recklessly!
You are too injured to fight recklessly!
You are too injured to fight recklessly!
You are too injured to fight recklessly!
Found a shadowy altar of Dithmenos.
HP[+1]
You closely miss the ball python. The ball python barely misses you.
The ball python misses you.
You puncture the ball python!
You kill the ball python!
HP[+1]
You open the door.
There is an open door here.
HP[+1]
You now have 130 gold pieces (gained 13).
You now have 132 gold pieces (gained 2).
You now have 136 gold pieces (gained 4).
You now have 144 gold pieces (gained 8).
There is a shadowy altar of Dithmenos here.
You now have 154 gold pieces (gained 10).
You now have 165 gold pieces (gained 11).
You now have 172 gold pieces (gained 7).
You now have 184 gold pieces (gained 12).
You now have 200 gold pieces (gained 16).
There is a shadowy altar of Dithmenos here.
There is an open door here.
k - 2 white potions HP[+5]
Your hp is fully restored (30). 2 goblins and a hobgoblin come into view.
A goblin is wielding a +0 dagger of venom.
There are monsters nearby! 2 goblins come into view.
The goblin shouts!
The hobgoblin shouts!
The goblin shouts!
You hear a shout! x5
The goblin shouts!
Robin, a goblin and a hobgoblin come into view.
Robin is wielding a +0 club and carrying a wand of flame (16).
The goblin hits you with a +0 dagger of venom.
You are poisoned.
The goblin barely misses you.
HP[-2]
You take 2 damage, and now have 28/30 hp.
The goblin attacks as you move away! The goblin barely misses you.
You feel very sick.
HP[-3]
You take 3 damage, and now have 25/30 hp.
The goblin attacks as you move away! The goblin hits you but does no damage.
You feel sick.
HP[-1]
You take 1 damage, and now have 24/30 hp.
The goblin attacks as you move away! The goblin closely misses you.
You feel sick.
HP[-2]
You take 2 damage, and now have 22/30 hp.
The goblin attacks as you move away! The goblin misses you.
You feel sick. The hobgoblin misses you.
HP[-1]
You take 1 damage, and now have 21/30 hp.
As you read the scroll labelled YNUYLO KEFUR, it crumbles to dust.
It is a scroll of identify.
o - a scroll of fog You feel sick.
The hobgoblin hits you but does no damage.
The goblin hits you but does no damage.
You are more poisoned.
HP[-1]
You take 1 damage, and now have 20/30 hp.
As you read the scroll of identify {@r1}, it crumbles to dust.
t - 2 scrolls of brand weapon You feel very sick.
The goblin hits you but does no damage.
You are lethally poisoned!
The hobgoblin closely misses you. The goblin hits you but does no damage.
HP[-3]
You take 3 damage, and now have 17/30 hp.
As you read the scroll of fog, it crumbles to dust.
The scroll dissolves into smoke.
* * * LOW HITPOINT WARNING * * *
You feel very sick.
A goblin comes into view. It is wielding a +0 club.
The goblin completely misses you. The goblin hits you but does no damage.
You are more poisoned.
HP[-3]
You take 3 damage, and now have 14/30 hp.
You hit the goblin.
You kill the goblin!
* * * LOW HITPOINT WARNING * * *
You feel very sick. The hobgoblin misses you.
The goblin hits you but does no damage.
You are more poisoned.
The goblin barely misses you.
Your Short Blades skill increases to level 6!
HP[-5]
You take 5 damage, and now have 9/30 hp.
* * * LOW HITPOINT WARNING * * *
You feel very sick.
HP[-6]
You take 6 damage, and now have 3/30 hp.
You die...

Skill      XL: |  1  2  3  4  5 |
---------------+----------------+-----
Stealth        | 1 2 3 4 |  4.6
Short Blades   | 5 6 |  6.0
Fighting       | |  2.1
Throwing       | |  2.1
Dodging        | |  3.6

Action                   |  1- 3 |  4- 6 || total
-------------------------+-------+-------++-------
Melee: Rapier            |    79 |    43 ||   122
       Punch             |     1 |       ||     1
Throw: Throwing net      |       |     1 ||     1
  Use: Scroll            |       |     3 ||     3
 Stab: Sleeping          |    16 |     7 ||    23
       Held in net/web   |       |     1 ||     1
Armor: Leather armour    |    15 |     1 ||    16
       Ring mail         |       |    10 ||    10
Dodge: Dodged            |    62 |    22 ||    84

Levels and vault maps discovered:
D:1:      scummos_arrival_hexagon, layout_rooms
D:2:      layout_rooms, ebering_ecumenical_altar_rust, dk_noncrumbling_4,
          kennysheep_crisscross, uniq_jessica
D:3:      layout_basic, amcnicky_altar_gilded, kennysheep_cluttered_room,
          minmay_pentomino_pile, uniq_ijyb, uniq_robin

Notes
Turn   | Place    | Note
-------+----------+-------------------------------------------
     0 | D:1      | zeratav the Kobold Gladiator began the quest for the Orb.
     0 | D:1      | Reached XP level 1. HP: 12/12 MP: 1/1
     0 | D:1      | magus.rc [v1.9.6]
   236 | D:1      | Reached skill level 1 in Stealth
   240 | D:1      | Reached XP level 2. HP: 17/17 MP: 2/2
   346 | D:1      | Reached skill level 2 in Stealth
   408 | D:1      | You add the spells Conjure Flame, Ignite Poison and Sticky
                  | Flame to your library.
   546 | D:1      | Reached XP level 3. HP: 21/21 MP: 3/3
  1064 | D:2      | You fall into a shaft and drop 1 floor!
  1103 | D:3      | Reached skill level 5 in Short Blades
  1172 | D:3      | Reached skill level 3 in Stealth
  1184 | D:3      | Reached XP level 4. HP: 18/26 MP: 4/4
  1370 | D:2      | Noticed Jessica
  1375 | D:2      | Killed Jessica
  1376 | D:2      | Reached skill level 4 in Stealth
  1525 | D:2      | Found a faded altar of an unknown god.
  1672 | D:2      | Reached XP level 5. HP: 25/30 MP: 5/5
  1730 | D:2      | Identified the +1 ring mail "Asyomio" {rElec}
  1771 | D:2      | You add the spells Mephitic Cloud and Freezing Cloud to
                  | your library.
  1880 | D:3      | Noticed Ijyb
  1898 | D:3      | Killed Ijyb
  2008 | D:3      | Found a shadowy altar of Dithmenos.
  2122 | D:3      | Noticed Robin
  2131 | D:3      | Reached skill level 6 in Short Blades
  2131 | D:3      | HP: 3/30 [poisoned by a goblin]
  2132 | D:3      | Succumbed to a goblin's poison

Vanquished Creatures
  Jessica (D:2)
  Ijyb (D:3)
  2 adders (D:3)
  A worm (D:2)
  2 dart slugs
  4 ball pythons
  7 endoplasms
  4 goblins
  8 hobgoblins
  5 quokkas
  3 bats (D:1)
  2 frilled lizards (D:1)
  2 kobolds (D:1)
  8 rats
50 creatures vanquished.

Table legend:
 A = Non-vault XP
 B = Vault XP
 C = Vault XP percentage of total XP
 D = Non-vault monster count
 E = Vault monster count
 F = Vault count percentage of total count
                 A         B        C        D         E       F
            +---------+---------+-------+---------+---------+-------
      Total |     108 |      75 |  41.0 |      47 |       3 |   6.0
            +---------+---------+-------+---------+---------+-------
        D:1 |      41 |       0 |   0.0 |      24 |       0 |   0.0
        D:2 |      35 |      37 |  51.4 |      18 |       1 |   5.3
        D:3 |      32 |      38 |  54.3 |       5 |       2 |  28.6
            +---------+---------+-------+---------+---------+-------

Illustrated notes

Table legend:
 A = Kills in this place as a percentage of kills in entire the game.
 B = Kills by you in this place as a percentage of kills by you in the entire game.
 C = Kills by friends in this place as a percentage of kills by friends in the entire game.
 D = Other kills in this place as a percentage of other kills in the entire game.
 E = Experience gained in this place as a percentage of experience gained in the entire game.
 F = Experience gained in this place divided by the number of levels of this place that you have seen.
                   A       B       C       D       E      F
               +-------+-------+-------+-------+-------+----------------------
         Total | 100.0 | 100.0 |   N/A |   N/A | 100.0 |  61.0
       Dungeon | 100.0 | 100.0 |   N/A |   N/A | 100.0 |  61.0
               +-------+-------+-------+-------+-------+----------------------

Table legend: (Time is in decaauts)
 A = Elapsed time spent in this place.
 B = Non-inter-level travel time spent in this place.
 C = Inter-level travel time spent in this place.
 D = Time resting spent in this place.
 E = Time spent auto-exploring this place.
 F = Levels seen in this place.
 G = Mean time per level.
                   A        B        C        D        E       F      G
               +--------+--------+--------+--------+--------+-----+--------+
         Total |   2125 |   2088 |     37 |    498 |   1231 |   3 |  708.3 |
       Dungeon |   2125 |   2088 |     37 |    498 |   1231 |   3 |  708.3 |
               +--------+--------+--------+--------+--------+-----+--------+

Top non-repeatable levels by time:
     D:1: 820 daAuts
     D:2: 729 daAuts
     D:3: 576 daAuts
